 Dungeon Crawl Stone Soup version 0.23-a0-241-g3b46b07 (webtiles) character file.

2258 galech the Chopper (level 9, -1/67 HPs)
             Began as a Demonspawn Fighter on Sept 27, 2018.
             Slain by Harold
             ... wielding a +0 short sword
              (17 damage)
             ... on level 7 of the Dungeon.
             The game lasted 00:08:03 (6624 turns).

galech the Chopper (Demonspawn Fighter)             Turns: 6624, Time: 00:08:04

Health: -1/67      AC:  9    Str: 19    XL:     9   Next: 15%
Magic:  0/9        EV:  9    Int: 11    God:
Gold:   414        SH: 19    Dex: 17    Spells: 8/8 levels left

rFire    . . .     SeeInvis .   H - +4 war axe (curse)
rCold    . . .     Gourm    .   c - +0 shield
rNeg     . . .     Faith    .   b - +0 scale mail
rPois    .         Spirit   +   (helmet restricted)
rElec    .         Reflect  .   (no cloak)
rCorr    .         Harm     .   v - +0 pair of gloves {Str+3}
MR       .....                  w - +0 pair of boots
Stlth    ..........             h - amulet of guardian spirit
HPRegen  0.21/turn              F - +2 ring of dexterity
MPRegen  0.11/turn              (no ring)

@: marked
A: antennae 1, large bone plates 3, powered by death 2, rot immunity
a: no special abilities


You were on level 7 of the Dungeon.
You were hungry.

You visited 1 branch of the dungeon, and saw 7 of its levels.
You also visited: Ossuary.

You collected 414 gold pieces.

Inventory:

Hand Weapons
 H - a cursed +4 war axe (weapon)
Armour
 b - a +0 scale mail (worn)
 c - a +0 shield (worn)
 v - a +0 pair of gloves of strength (worn)
 w - a +0 pair of boots (worn)
Jewellery
 h - an amulet of guardian spirit (around neck)
 F - a +2 ring of dexterity (left hand)
Wands
 a - a wand of flame (24)
 t - a wand of iceblast (11)
 D - a wand of polymorph (11)
Scrolls
 e - 3 scrolls of immolation {unknown}
 g - 3 scrolls of amnesia {unknown}
 i - a scroll of blinking {unknown}
 l - 12 scrolls of identify {unknown}
 m - 5 scrolls of teleportation {unknown}
 p - a scroll of fog {unknown}
 r - 4 scrolls of remove curse {unknown}
 u - a scroll of noise {unknown}
 x - 2 scrolls of fear {unknown}
 y - a scroll of enchant armour {unknown}
 G - a scroll of random uselessness {unknown}
Potions
 d - 5 potions of might
 j - a potion of resistance {unknown}
 k - 3 potions of mutation {unknown}
 n - a potion of flight {unknown}
 o - a potion of berserk rage {unknown}
 q - 2 potions of degeneration {unknown}
 s - 2 potions of invisibility {unknown}
 z - 2 potions of magic {unknown}
 A - 6 potions of curing {unknown}
 C - 2 potions of heal wounds {unknown}
 E - a potion of brilliance {unknown}
Comestibles
 f - 9 rations


   Skills:
 + Level 4.8 Fighting
 + Level 7.6 Axes
 + Level 4.6 Armour
 + Level 2.7 Dodging
 + Level 0.9 Stealth
 + Level 6.2 Shields


You had 8 spell levels left.
You didn't know any spells.
Your spell library contained the following spells:

 Spells                   Type           Power        Failure   Level  Hunger
 Animate Skeleton         Necr           N/A          97%         1    ##.....
 Pain                     Necr           #...         97%         1    ##.....
 Regeneration             Chrm/Necr      #.........   100%        3    ####...
 Vampiric Draining        Necr           #.........   100%        3    ####...
 Animate Dead             Necr           N/A          100%        4    #####..


Dungeon Overview and Level Annotations

Branches:
Dungeon (7/15)
 Temple: D:4-7

Altars:
Fedhas
Hepliaklqana
Makhleb
Trog
Uskayaw
Xom
The Shining One

Shops:
D:4 [%%

Annotations:
D:4 2 transporters
D:7 Harold


Innate Abilities, Weirdness & Mutations

You have a pair of small antennae on your head.
You are completely covered in large bone plates. (SH +8)
You regenerate health from kills.
You are immune to rotting.


Message History

A sentinel's mark forms upon you. Harold hits you but does no damage.
You hit Harold but do no damage.
Harold is moderately wounded.
Harold hits you with a short sword.
* * * LOW HITPOINT WARNING * * *
You barely miss Harold.
Harold is moderately wounded.
Harold gestures at you while chanting. The mark upon you grows brighter.
You slash Harold!
Harold is heavily wounded.
You block Harold's attack.
You hit Harold.
Harold is heavily wounded.
You block Harold's attack.
You barely miss Harold.
Harold is heavily wounded.
Harold hits you but does no damage. Harold hits you with a short sword!!
You die...

≈≈..#.#.####.....#.######.....#.#
#≈.##.#.#....###.#............#.#
≈≈....#.#.#### #.#.######.##.##.#
....###'#.## ##.#+##...........#
≈≈.........# #.(............####
#≈.........# #.....####.......##
≈≈...(.....# #.....# ##........
###........# #.....# ######.##
..#........# #.@...# .........
..#........+ +.@...# ######..
..#........# #.?...# #..
............ .....## #..
#.########## #####.# ##.####..
#.# #. .. ......... ..# #.
#......# ##.####.# ..# #######.#
#......# # #.# ..#
#.......####......#.# #.#


You could see Harold.

Vanquished Creatures
  Grinder (D:4)
  A wraith (Ossuary)
  An orc warrior (D:6)
  2 black bears
  3 ogres
  A centaur (D:5)
  Blork the orc (D:5)
  A bullfrog (D:6)
  4 wights (D:6)
  A howler monkey (D:6)
  A crimson imp (D:5)
  A bullfrog zombie (D:6)
  5 hounds
  2 jellies (D:6)
  An orc priest (D:6)
  An orc wizard (D:6)
  A bullfrog skeleton (D:4)
  2 centaur skeletons
  4 iguanas (D:6)
  4 worker ants
  A hound zombie (D:6)
  2 mummies
  Robin (D:2)
  4 gnolls (D:6)
  10 adders
  3 oozes
  11 worms
  3 dart slugs
  2 leopard geckos
  8 orcs
  3 ball pythons
  2 bats
  3 giant cockroaches
  19 goblins
  11 hobgoblins
  13 jackals
  3 kobolds
  A quokka (D:3)
  9 frilled lizards
  A giant cockroach zombie (D:5)
  10 gnoll skeletons (Ossuary)
  A jackal skeleton (D:4)
  2 kobold skeletons (Ossuary)
  13 orc skeletons (Ossuary)
  11 rats
185 creatures vanquished.

Notes
Turn   | Place    | Note
-------+----------+-------------------------------------------
     0 | D:1      | galech the Demonspawn Fighter began the quest for the Orb.
     0 | D:1      | Reached XP level 1. HP: 18/18 MP: 1/1
    52 | D:1      | Reached skill level 2 in Axes
    52 | D:1      | Gained mutation: You are partially covered in large bone
                  | plates. (SH +4) [demonic ancestry]
    52 | D:1      | Reached XP level 2. HP: 19/24 MP: 2/2
   348 | D:1      | Gained mutation: You are immune to rotting. [demonic
                  | ancestry]
   348 | D:1      | Reached XP level 3. HP: 29/29 MP: 3/3
  1036 | D:2      | Reached skill level 3 in Axes
  1067 | D:2      | Gained mutation: You are mostly covered in large bone
                  | plates. (SH +6) [demonic ancestry]
  1067 | D:2      | Reached XP level 4. HP: 5/35 MP: 1/4
  1456 | D:2      | Noticed Robin
  1476 | D:2      | Killed Robin
  2450 | D:3      | Gained mutation: You have a pair of small antennae on your
                  | head. [demonic ancestry]
  2450 | D:3      | Reached XP level 5. HP: 41/41 MP: 5/5
  2759 | D:3      | Found a hazy altar of Hepliaklqana.
  3203 | D:4      | Found a transporter.
  3210 | D:4      | Found a transporter.
  3216 | D:4      | Noticed a water moccasin
  3222 | D:4      | Found a blossoming altar of Fedhas.
  3386 | D:4      | Noticed an ogre
  3394 | D:4      | Killed an ogre
  3394 | D:4      | Reached skill level 4 in Axes
  3394 | D:4      | Reached skill level 1 in Dodging
  3394 | D:4      | Gained mutation: You are completely covered in large bone
                  | plates. (SH +8) [demonic ancestry]
  3394 | D:4      | Reached XP level 6. HP: 19/47 MP: 4/6
  3787 | D:4      | Found Kihuriq's Antique Armour Shop.
  3954 | D:4      | Found Yduguhopn's Food Shoppe.
  4066 | D:4      | Found a radiant altar of Vehumet.
  4068 | D:4      | Found a bloodstained altar of Trog.
  4068 | D:4      | Found a sparkling altar of Nemelex Xobeh.
  4078 | D:4      | Found a shimmering altar of Xom.
  4078 | D:4      | Found a hide-covered altar of Uskayaw.
  4078 | D:4      | Found a hazy altar of Hepliaklqana.
  4188 | D:4      | Noticed Grinder
  4189 | D:4      | Found Bomeha's Food Boutique.
  4208 | D:4      | Killed Grinder
  4208 | D:4      | Reached skill level 5 in Axes
  4208 | D:4      | Gained mutation: You regenerate a little health from kills.
                  | [demonic ancestry]
  4208 | D:4      | Reached XP level 7. HP: 33/53 MP: 4/7
  4291 | D:5      | Entered Level 5 of the Dungeon
  4360 | D:5      | Found a sand-covered staircase.
  4375 | Ossuary  | Entered an ossuary
  4375 | Ossuary  | Noticed a wraith
  4375 | Ossuary  | Noticed a wraith
  4375 | Ossuary  | Noticed a wraith
  4441 | Ossuary  | Noticed a wraith
  4457 | Ossuary  | Killed a wraith
  4457 | Ossuary  | Reached skill level 6 in Axes
  4763 | D:5      | Gained mutation: You regenerate health from kills. [demonic
                  | ancestry]
  4763 | D:5      | Reached XP level 8. HP: 49/60 MP: 5/8
  5177 | D:5      | Noticed Blork the orc
  5199 | D:5      | Killed Blork the orc
  5478 | D:6      | Reached skill level 5 in Shields
  5527 | D:6      | Found a burning altar of Makhleb.
  5640 | D:6      | Found a glowing golden altar of the Shining One.
  5714 | D:6      | Reached skill level 7 in Axes
  5983 | D:6      | Reached XP level 9. HP: 61/66 MP: 6/9
  6605 | D:7      | Noticed Harold
  6624 | D:7      | Slain by Harold

Vault maps used:
D:1:      erik_arrival_gehennom
D:2:      kennysheep_big_flooded_room, minivault_5, uniq_robin
D:3:      marbit_many_paths, first_ration, kennysheep_generic_room_8
D:4:      gammafunk_temple_overflow_arena, serial_shops, kennysheep_mini, shop,
          shop, doesnt_xom_only_xom, uniq_grinder
D:5:      gup_ossuary_entry_pyramid, uniq_blork_the_orc
D:6:      cheibrodos_helix_gallery, lemuel_doored_altar, old_standard_altar
D:7:      temple_hall_moat, basic_altar, uniq_harold, uniq_prince_ribbit1,
          uniq_pikel
Ossuary:  ossuary_due_mausoleum

Skill      XL: |  1  2  3  4  5  6  7  8 |
---------------+-------------------------+-----
Axes           | 2 3 4 5 6 7 |  7.6
Shields        | 3 4 6 |  6.2
Armour         | 3 4 |  4.6
Dodging        | 1 2 |  2.7
Fighting       | 4 |  4.8
Stealth        | |  0.9

Action                   |  1- 3 |  4- 6 |  7- 9 || total
-------------------------+-------+-------+-------++-------
Melee: War axe           |   118 |   260 |   345 ||   723
  Eat: Chunk             |     1 |    10 |     8 ||    19
Armor: Scale mail        |    50 |    72 |    67 ||   189
Dodge: Dodged            |    18 |    51 |    80 ||   149
Block: Shield            |    81 |   200 |   327 ||   608

Table legend:
 A = Non-vault XP
 B = Vault XP
 C = Vault XP percentage of total XP
 D = Non-vault monster count
 E = Vault monster count
 F = Vault count percentage of total count
                 A         B        C        D         E       F
            +---------+---------+-------+---------+---------+-------
      Total |    2525 |     702 |  21.8 |     138 |      47 |  25.4
            +---------+---------+-------+---------+---------+-------
        D:1 |      39 |      19 |  32.8 |      24 |       5 |  17.2
        D:2 |      71 |      36 |  33.6 |      25 |      10 |  28.6
        D:3 |      82 |       2 |   2.4 |      22 |       1 |   4.3
        D:4 |     366 |     272 |  42.6 |      12 |       1 |   7.7
        D:5 |     363 |     112 |  23.6 |      13 |       2 |  13.3
        D:6 |    1476 |      13 |   0.9 |      41 |       1 |   2.4
        D:7 |     128 |       0 |   0.0 |       1 |       0 |   0.0
    Ossuary |       0 |     248 | 100.0 |       0 |      27 | 100.0
            +---------+---------+-------+---------+---------+-------
